[Event "ICC tourney 2354 (60 10)"]
[Site "Internet Chess Club"]
[Date "2021.01.30"]
[Round "3"]
[White "Smartypants915"]
[Black "coolhacker1234"]
[Result "1/2-1/2"]
[ICCResult "Game drawn by mutual agreement"]
[WhiteElo "1505"]
[BlackElo "1739"]
[Opening "Queen's pawn: stonewall attack"]
[ECO "D00"]
[NIC "QP.08"]
[Time "16:00:44"]
[PlyCount "144"]
[TimeControl "3600+10"]

1. d4 d5 2. e3 Nf6 3. Bd3 c5 4. c3 Nc6 5. f4 e6 6. Nf3 Be7 7. O-O O-O 8.
Nbd2 b6 9. Ne5 Bb7 10. Rf3 Nxe5 11. fxe5 Ne4 12. Qc2 Ng5 13. Rg3 c4 14. Be2
b5 15. Qd1 f6 16. exf6 Bxf6 17. Bg4 e5 18. Nf3 Nxf3+ 19. Rxf3 exd4 20. exd4
Qb6 21. Bf4 Rae8 22. Qd2 Re4 23. Bf5 Bxd4+ 24. cxd4 Rxf5 25. Bc7 Qg6 26.
Rxf5 Qxf5 27. Rf1 Qd7 28. Qf2 Re8 29. Bd6 h6 30. Qg3 Qe6 31. Be5 Qe7 32.
Rf4 Qg5 33. Qxg5 hxg5 34. Rg4 Rf8 35. Rxg5 Rf7 36. Rg3 b4 37. h4 Kh7 38.
Kh2 a5 39. Rf3 Rxf3 40. gxf3 b3 41. axb3 cxb3 42. Kg3 a4 43. Bd6 Kg6 44.
Kf4 Kf6 45. Ke3 Kf5 46. Kd3 Ba6+ 47. Kc3 Be2 48. Kb4 Bxf3 49. Kxa4 Ke4 50.
Be5 Kd3 51. Kxb3 g6 52. Kb4 Kc2 53. b3 Kb2 54. Bf6 Bd1 55. Kc5 Bxb3 56. Kd6
Kc3 57. Ke6 Kd2 58. Be5 Ke3 59. Kf6 Bc2 60. Kg5 Bd3 61. Kg4 Be4 62. Kg5 Bd3
63. Kf6 Bc2 64. Ke7 Bd3 65. Ke6 Be4 66. Kf6 Kf3 67. Kg5 Bd3 68. h5 gxh5 69.
Kxh5 Ke4 70. Kg5 Bc4 71. Kf6 Bb3 72. Ke7 Ba2 { Game drawn by mutual
agreement } 1/2-1/2

[Event "ICC tourney 2354 (60 10)"]
[Site "Internet Chess Club"]
[Date "2021.01.30"]
[Round "3"]
[White "mnm1"]
[Black "GeorgeBugayev"]
[Result "1-0"]
[ICCResult "Black checkmated"]
[WhiteElo "1508"]
[BlackElo "1786"]
[Opening "Caro-Kann: exchange variation"]
[ECO "B13"]
[NIC "CK.02"]
[Time "16:00:59"]
[PlyCount "63"]
[TimeControl "3600+10"]

1. e4 c6 2. d4 d5 3. exd5 cxd5 4. Nf3 Nf6 5. Bf4 Nc6 6. c3 e6 7. Bd3 Be7 8.
O-O O-O 9. Re1 a6 10. Nbd2 b5 11. a3 Bd7 12. Ne5 Na5 13. Qc2 Re8 14. b3 Rc8
15. Re3 Nb7 16. Rh3 g6 17. Bxg6 fxg6 18. Nxg6 e5 19. Nxe7+ Rxe7 20. Rg3+
Kh8 21. Bxe5 Rf7 22. Nf3 Qe7 23. Re1 Rg8 24. Ng5 Rfg7 25. Rf3 Ne4 26. Nf7+
Qxf7 27. Rxf7 Bc6 28. Qd1 h6 29. Qh5 Kh7 30. Qf5+ Kh8 31. Qg6 h5 32. Qh6# {
Black checkmated } 1-0

[Event "ICC tourney 2354 (60 10)"]
[Site "Internet Chess Club"]
[Date "2021.01.30"]
[Round "3"]
[White "therealkingkong"]
[Black "Boyan0619"]
[Result "0-1"]
[ICCResult "White resigns"]
[WhiteElo "1570"]
[BlackElo "1412"]
[Opening "Sicilian defense"]
[ECO "B30"]
[NIC "SI.31"]
[Time "16:00:57"]
[PlyCount "104"]
[TimeControl "3600+10"]

1. e4 c5 2. Nf3 Nc6 3. d3 d6 4. g3 Nf6 5. Bg2 e5 6. c4 h6 7. O-O Be7 8. Nc3
Bg4 9. Be3 O-O 10. h3 Be6 11. Nd2 Nd4 12. f4 a6 13. f5 Bd7 14. Bxd4 cxd4
15. Nd5 Nxd5 16. cxd5 Bb5 17. Nc4 Rc8 18. b3 Bg5 19. Qe2 Bxc4 20. bxc4 b5
21. cxb5 axb5 22. Rab1 Qa5 23. Qb2 Ra8 24. Qxb5 Qxa2 25. Rb2 Qa7 26. Rfb1
Bc1 27. Rb3 Rac8 28. Qb6 Qa2 29. R3b2 Bxb2 30. Rxb2 Qa3 31. Qb4 Qxb4 32.
Rxb4 Rc3 33. Bf1 Ra8 34. Rb2 Ra1 35. Kg2 Rcc1 36. Rf2 Kh7 37. Be2 Rc2 38.
Kf3 g5 39. g4 Rh1 40. Kg2 Re1 41. Kf3 Kg7 42. Rg2 Kf6 43. Rf2 Ke7 44. Rg2
Kd7 45. Rf2 Kc7 46. f6 Kb6 47. Rg2 Kb5 48. Rf2 Kb4 49. Rg2 Kc3 50. Rf2
Rexe2 51. Rxe2 Rxe2 52. Kxe2 Kc2 { White resigns } 0-1

[Event "ICC tourney 2354 (60 10)"]
[Site "Internet Chess Club"]
[Date "2021.01.30"]
[Round "3"]
[White "forcemajor"]
[Black "shakuntala"]
[Result "1/2-1/2"]
[ICCResult "Game drawn by repetition"]
[WhiteElo "1423"]
[BlackElo "1160"]
[Opening "Ruy Lopez: Berlin defense, 4.O-O, d6"]
[ECO "C66"]
[NIC "RL.07"]
[Time "16:01:16"]
[PlyCount "211"]
[TimeControl "3600+10"]

1. e4 e5 2. Nf3 Nc6 3. Bb5 Nf6 4. O-O d6 5. d4 exd4 6. Nxd4 Bd7 7. Bxc6
Bxc6 8. Nxc6 bxc6 9. Re1 Be7 10. Nc3 O-O 11. Bf4 Rb8 12. Rb1 Nd7 13. Re3
Bh4 14. Rh3 h6 15. Qg4 Bf6 16. Bxh6 Ne5 17. Qg3 Ng6 18. Bd2 Re8 19. Qf3 Nh4
20. Qd1 Ng6 21. Kh1 d5 22. exd5 cxd5 23. Rd3 c6 24. Na4 Ne5 25. Rb3 Rxb3
26. axb3 Qd7 27. Nc3 Ng4 28. Qf3 Bd4 29. Rf1 Be5 30. Bf4 Bd4 31. h3 Nf6 32.
Be3 Bxe3 33. fxe3 Ne4 34. Rd1 Nxc3 35. bxc3 Qe6 36. Re1 Qg6 37. Re2 Qe6 38.
Kg1 Qh6 39. Kf1 Re6 40. Kg1 Rf6 41. Qg3 Rd6 42. Qf4 Qh5 43. Qg4 Qxg4 44.
hxg4 Rg6 45. Re1 Rxg4 46. Ra1 Re4 47. Kf2 Re7 48. Ra6 Rc7 49. Ke2 Kf8 50.
Kd3 Ke7 51. Kd4 Kd6 52. c4 dxc4 53. Kxc4 g6 54. Kd4 Rd7 55. Ke4 Re7+ 56.
Kd3 Rc7 57. c4 Rb7 58. Kc3 Re7 59. Kd4 Rb7 60. Kc3 Re7 61. Kd3 Rb7 62. Kc3
Re7 63. Kd4 Rb7 64. Ra3 Rd7 65. Ke4 Re7+ 66. Kd4 Rd7 67. Ra5 Rb7 68. Kc3
Re7 69. Kd3 Rb7 70. Kc2 Re7 71. Kd3 Rb7 72. Kc3 Re7 73. Kd4 Rb7 74. Kc3 Re7
75. Kd3 Rb7 76. Kc2 Re7 77. Kd3 Rb7 78. Kc3 Re7 79. Kd3 Rb7 80. Kc3 Re7 81.
Kd3 Rb7 82. Kc3 Re7 83. Kd3 Rb7 84. Kc3 Re7 85. Kd3 Rb7 86. Kc3 Re7 87. Kd4
Rb7 88. Kc3 Re7 89. Kd3 Rb7 90. Kc3 Re7 91. Kd3 Rb7 92. Kc3 Re7 93. Kd3 Rb7
94. Kc3 Re7 95. Kd3 Rb7 96. Kc3 Re7 97. Kd3 Rb7 98. Kc3 Re7 99. Kd3 Rb7
100. Kc3 Re7 101. Kd3 Rb7 102. Kc3 Re7 103. Kd3 Rb7 104. Kc3 Re7 105. Kd3
Rb7 106. Kc3 { Game drawn by repetition } 1/2-1/2

[Event "ICC tourney 2354 (60 10)"]
[Site "Internet Chess Club"]
[Date "2021.01.30"]
[Round "3"]
[White "bgl2011"]
[Black "VickyV2011"]
[Result "1-0"]
[ICCResult "Black checkmated"]
[WhiteElo "1401"]
[BlackElo "1056"]
[Opening "Scandinavian (center counter) defense"]
[ECO "B01"]
[NIC "SD.02"]
[Time "16:01:28"]
[PlyCount "153"]
[TimeControl "3600+10"]

1. e4 d5 2. exd5 Qxd5 3. Nc3 Qd8 4. d3 Nf6 5. Nf3 Bg4 6. Be2 c6 7. h3 Bxf3
8. Bxf3 e6 9. O-O Be7 10. Bf4 O-O 11. Qd2 Nbd7 12. Rfe1 Nd5 13. Nxd5 cxd5
14. Qe2 Nf6 15. Qd2 Rc8 16. d4 Qb6 17. c3 Bd6 18. Bxd6 Qxd6 19. Rac1 b6 20.
Qd3 Qc7 21. Rcd1 Rfe8 22. Qd2 a5 23. a3 Re7 24. Re3 a4 25. Rde1 b5 26. Qd3
Rb8 27. Re5 Qc4 28. Qd2 Rc8 29. Be2 Qc6 30. Bd3 Rb8 31. Qe2 Nd7 32. Re3 Nf6
33. f4 Rbe8 34. Bxb5 Qb6 35. Bxe8 Rxe8 36. f5 Nd7 37. fxe6 fxe6 38. Rxe6
Rxe6 39. Qxe6+ Qxe6 40. Rxe6 Nf6 41. Ra6 Ne4 42. Rxa4 Nd2 43. b4 Nc4 44. b5
Nb6 45. Ra6 Nc4 46. a4 Kf8 47. a5 Ke8 48. b6 Kd8 49. Ra8+ Kd7 50. b7 Nxa5
51. b8=N+ Kc7 52. Rxa5 Kxb8 53. Rxd5 Kc7 54. c4 Kc6 55. Kf2 g5 56. Ke3 h6
57. Ke4 g4 58. h4 g3 59. c5 Kc7 60. Ke5 Kc6 61. Rd6+ Kc7 62. d5 h5 63. c6
Kc8 64. Rd7 Kb8 65. d6 Kc8 66. Ke6 Kb8 67. c7+ Kb7 68. Rd8 Kb6 69. c8=R Kb7
70. d7 Kb6 71. Rg8 Kb7 72. d8=Q Ka7 73. Rf8 Kb7 74. Rf1 Ka7 75. Rb1 Ka6 76.
Qa5+ Kxa5 77. Ra8# { Black checkmated } 1-0

[Event "ICC tourney 2354 (60 10)"]
[Site "Internet Chess Club"]
[Date "2021.01.30"]
[Round "3"]
[White "ickyquarter"]
[Black "che8642"]
[Result "1-0"]
[ICCResult "Black checkmated"]
[WhiteElo "2077"]
[BlackElo "1563"]
[Opening "Sicilian: Kan, 5.Nc3"]
[ECO "B43"]
[NIC "SI.41"]
[Time "16:01:26"]
[PlyCount "135"]
[TimeControl "3600+10"]

1. e4 c5 2. Nf3 e6 3. d4 cxd4 4. Nxd4 a6 5. Nc3 b5 6. a3 Bb7 7. g3 Nf6 8.
Bg2 d6 9. O-O Qc7 10. h3 Nbd7 11. Re1 Be7 12. Be3 O-O 13. Nb3 Rfd8 14. Qe2
Ne5 15. Nd2 Rac8 16. Bf4 Nfd7 17. Rad1 Bf6 18. g4 h6 19. Be3 Nb6 20. Ndb1
Nec4 21. Bc1 Rd7 22. Kh1 Rcd8 23. b3 Bxc3 24. Nxc3 Ne5 25. Bb2 d5 26. exd5
Ng6 27. Qf1 Nf4 28. Kg1 Nxg2 29. Qxg2 Nxd5 30. Qg3 Qxg3+ 31. fxg3 Nxc3 32.
Rxd7 Rxd7 33. Bxc3 Rc7 34. Re3 Rd7 35. Bb4 Rd1+ 36. Re1 Rxe1+ 37. Bxe1 Be4
38. c3 Bc2 39. b4 Bb3 40. Kf2 Bc4 41. Bd2 Kf8 42. g5 h5 43. h4 g6 44. Ke3
Ke7 45. Kd4 Bd5 46. Bf4 Kd7 47. Kc5 Bb7 48. Be5 Be4 49. Kb6 Bf3 50. Bf4 Be4
51. Be5 Bf3 52. Kxa6 Kc6 53. c4 bxc4 54. b5+ Kd7 55. b6 Kc8 56. Ka7 Bc6 57.
a4 Bb7 58. a5 c3 59. Bxc3 Bc6 60. Be5 Bb7 61. a6 Bxa6 62. Kxa6 Kd7 63. b7
Ke7 64. b8=Q Kd7 65. Qb7+ Ke8 66. Bd6 Kd8 67. Qc7+ Ke8 68. Qe7# { Black
checkmated } 1-0

[Event "ICC tourney 2354 (60 10)"]
[Site "Internet Chess Club"]
[Date "2021.01.30"]
[Round "3"]
[White "GlibNest"]
[Black "MeeraBLab"]
[Result "1/2-1/2"]
[ICCResult "Game drawn by mutual agreement"]
[WhiteElo "1498"]
[BlackElo "1177"]
[Opening "Sicilian: wing gambit"]
[ECO "B20"]
[NIC "SI.48"]
[Time "16:01:19"]
[PlyCount "84"]
[TimeControl "3600+10"]

1. e4 c5 2. b4 b6 3. bxc5 bxc5 4. Nf3 Bb7 5. Nc3 e6 6. Rb1 Qc7 7. Bc4 a6 8.
d3 d6 9. Bf4 Be7 10. O-O Nc6 11. Qd2 Nf6 12. Na4 O-O 13. Nxc5 Rab8 14. Bxa6
Ba8 15. Bg3 Qa7 16. Qc3 Rxb1 17. Rxb1 dxc5 18. Bc4 Bb7 19. Ne5 Nxe5 20.
Qxe5 Ba6 21. Bb3 Bb5 22. Bxe6 Bd7 23. Bc4 Re8 24. Qb2 Nh5 25. Qe5 Nxg3 26.
fxg3 Bf6 27. Qf4 Be6 28. Bxe6 Bd4+ 29. Kh1 fxe6 30. Rf1 h6 31. a3 Kh7 32.
Qd6 Qxa3 33. Qd7 Rg8 34. Qxe6 Qb2 35. Qc4 Rf8 36. Rd1 Qc3 37. Qxc3 Bxc3 38.
h4 Rf2 39. g4 Rxc2 40. Kh2 Bf6 41. Kg3 Be5+ 42. Kf3 Bf6 { Game drawn by
mutual agreement } 1/2-1/2

[Event "ICC tourney 2354 (60 10)"]
[Site "Internet Chess Club"]
[Date "2021.01.30"]
[Round "3"]
[White "maxipep88"]
[Black "SalmonEater"]
[Result "1-0"]
[ICCResult "Black checkmated"]
[WhiteElo "1553"]
[BlackElo "1932"]
[Opening "Nimzo-Indian: Kmoch variation"]
[ECO "E20"]
[NIC "NI.30"]
[Time "16:01:20"]
[PlyCount "187"]
[TimeControl "3600+10"]

1. d4 Nf6 2. c4 e6 3. Nc3 Bb4 4. f3 O-O 5. e4 d5 6. cxd5 exd5 7. e5 Ne8 8.
Bd3 h6 9. Ne2 f6 10. O-O c5 11. exf6 Nxf6 12. Qb3 Bxc3 13. Qxc3 c4 14. Bc2
Nc6 15. b3 cxb3 16. Bxb3 Be6 17. Nf4 Bf7 18. Nd3 Rc8 19. Qb2 Re8 20. Qf2 b6
21. Bb2 Qd6 22. Rfe1 Nd7 23. Rad1 a6 24. Ne5 Na5 25. Qg3 Nxb3 26. axb3 Nxe5
27. dxe5 Qe6 28. Qf2 Rc6 29. Rc1 Rec8 30. Rxc6 Rxc6 31. g4 Qg6 32. Re2 Be6
33. h3 h5 34. Kh2 hxg4 35. hxg4 Qg5 36. Kg2 Qf4 37. Qd4 Qf7 38. Kg3 Qg6 39.
Qf2 a5 40. Rd2 Qg5 41. Qe2 Rc5 42. f4 Qg6 43. Qf3 Qe4 44. f5 Qe1+ 45. Qf2
Qxf2+ 46. Kxf2 Bd7 47. Ke3 Rb5 48. Rd3 a4 49. e6 Bc6 50. Kf4 axb3 51. Rc3
Rc5 52. Rxb3 b5 53. g5 Be8 54. Rc3 Rc4+ 55. Rxc4 dxc4 56. Bc3 Bc6 57. Bb4
Bd5 58. Ke5 Bc6 59. Kd6 Be4 60. Ke5 Bc6 61. g6 Be8 62. Kd6 Kf8 63. Kc7+ Kg8
64. e7 c3 65. Bxc3 b4 66. Bxb4 Bb5 67. Kd8 Kh8 68. e8=Q+ Bxe8 69. Kxe8 Kg8
70. Ke7 Kh8 71. Ke6 Kg8 72. Ba3 Kh8 73. Bc1 Kg8 74. Ke5 Kh8 75. Kf4 Kg8 76.
Kg5 Kh8 77. Kh5 Kg8 78. Bh6 Kh8 79. Bxg7+ Kxg7 80. Kg5 Kg8 81. Kh6 Kh8 82.
g7+ Kg8 83. f6 Kf7 84. Kh7 Kxf6 85. g8=Q Kf5 86. Qe8 Kg5 87. Qf7 Kh4 88.
Qg6 Kh3 89. Kg7 Kh4 90. Kf6 Kh3 91. Kf5 Kh2 92. Kf4 Kh1 93. Kf3 Kh2 94.
Qg2# { Black checkmated } 1-0

[Event "ICC tourney 2354 (60 10)"]
[Site "Internet Chess Club"]
[Date "2021.01.30"]
[Round "3"]
[White "rkanury1"]
[Black "ToughTurtle"]
[Result "1-0"]
[ICCResult "Black checkmated"]
[WhiteElo "1672"]
[BlackElo "1467"]
[Opening "Four knights game"]
[ECO "C47"]
[NIC "RG.01"]
[Time "16:01:33"]
[PlyCount "159"]
[TimeControl "3600+10"]

1. e4 e5 2. Nf3 Nf6 3. Nc3 Nc6 4. Be2 Bb4 5. d3 d5 6. exd5 Nxd5 7. Bd2 Nxc3
8. Bxc3 Bxc3+ 9. bxc3 Be6 10. O-O Qe7 11. a4 h6 12. Nd2 Rd8 13. Ne4 O-O 14.
Qd2 f5 15. Ng3 f4 16. Ne4 Bf5 17. Bf3 g5 18. h3 h5 19. g4 fxg3 20. Nxg5
Bxh3 21. fxg3 Bxf1 22. Rxf1 Rf6 23. Qg2 Kg7 24. Qh3 Rh8 25. Ne4 Rfh6 26.
Qf5 Rf8 27. Qh3 h4 28. g4 Nd8 29. g5 Rhh8 30. Nf6 Ne6 31. Qf5 Nf4 32. Be4
Qe6 33. Rxf4 Qxf5 34. Rxf5 c6 35. Rxe5 Rf7 36. Ne8+ Kf8 37. g6 Re7 38. g7+
Rxg7+ 39. Nxg7 Kxg7 40. Re7+ Kf6 41. Rxb7 Rg8+ 42. Kh2 Ke5 43. Rxa7 Kd6 44.
Rh7 Ra8 45. Rh6+ Ke7 46. Bxc6 Ra6 47. Rh7+ Kd6 48. Bb5 Ra8 49. Rxh4 Rc8 50.
a5 Rc5 51. c4 Kc7 52. Rh7+ Kb8 53. d4 Rf5 54. a6 Rf6 55. a7+ Ka8 56. d5
Rf2+ 57. Kg3 Rf3+ 58. Kg4 Rg3+ 59. Kf5 Rg5+ 60. Ke6 Re5+ 61. Kd6 Rxd5+ 62.
Ke7 Re5+ 63. Kf8 Re8+ 64. Kg7 Re7+ 65. Kg6 Re6+ 66. Kf7 Rf6+ 67. Ke7 Re6+
68. Kd7 Rd6+ 69. Kc7 Rd8 70. Bc6+ Kxa7 71. Kxd8+ Kb6 72. Bd5 Kc5 73. Kc7
Kd4 74. Kd6 Kc3 75. c5 Kxc2 76. c6 Kb2 77. c7 Ka1 78. c8=Q Kb1 79. Qb7+ Ka1
80. Rh1# { Black checkmated } 1-0

[Event "ICC tourney 2354 (60 10)"]
[Site "Internet Chess Club"]
[Date "2021.01.31"]
[Round "4"]
[White "alexandersoll"]
[Black "liud28"]
[Result "0-1"]
[ICCResult "White checkmated"]
[WhiteElo "798"]
[BlackElo "1060"]
[Opening "Queen's gambit declined"]
[ECO "D30"]
[NIC "QP.08"]
[Time "10:01:46"]
[PlyCount "56"]
[TimeControl "3600+10"]

1. d4 d5 2. c4 e6 3. e3 Nf6 4. Nc3 Bb4 5. Qa4+ Nc6 6. cxd5 Bxc3+ 7. bxc3
Nxd5 8. Bc4 Nxc3 9. Qb4 Nxb4 10. Bd2 Nc2+ 11. Kf1 Ne4 12. Rd1 Qf6 13. Nf3
Nxd2+ 14. Rxd2 Na3 15. Ne5 Nxc4 16. Nxc4 b6 17. Ne5 Ba6+ 18. Nd3 Qg6 19. g3
Bxd3+ 20. Ke1 Qe4 21. Rg1 O-O-O 22. Kd1 Qf3+ 23. Kc1 Be4 24. Rgd1 c5 25.
Kb2 cxd4 26. Rc1+ Kb7 27. exd4 Rc8 28. Rcd1 Qc3# { White checkmated } 0-1

[Event "ICC tourney 2354 (60 10)"]
[Site "Internet Chess Club"]
[Date "2021.01.31"]
[Round "4"]
[White "bogglylogs"]
[Black "Platafina123"]
[Result "1-0"]
[ICCResult "Black checkmated"]
[WhiteElo "1460"]
[BlackElo "1172"]
[Opening "Scotch: Schmidt variation"]
[ECO "C45"]
[NIC "SO.04"]
[Time "10:01:41"]
[PlyCount "87"]
[TimeControl "3600+10"]

1. e4 e5 2. Nf3 Nc6 3. d4 exd4 4. Nxd4 Nf6 5. Bg5 Bc5 6. Nxc6 bxc6 7. Bd3
d5 8. e5 h6 9. exf6 hxg5 10. fxg7 Rg8 11. Qe2+ Be6 12. Qe5 Bd6 13. Qc3 Rb8
14. O-O Qd7 15. Bh7 Rxg7 16. Qxg7 Ke7 17. Qxg5+ f6 18. Qg7+ Bf7 19. Re1+
Kd8 20. Qh8+ Be8 21. Bg6 Be5 22. Bxe8 Qxe8 23. Qxe8+ Kxe8 24. f4 Rxb2 25.
fxe5 fxe5 26. Rxe5+ Kd7 27. Na3 Rb4 28. c3 Ra4 29. Nc2 Rc4 30. Re3 c5 31.
Rd1 c6 32. Red3 Kd6 33. Ne3 Re4 34. Nxd5 cxd5 35. Rxd5+ Kc6 36. Rd6+ Kb5
37. Rb1+ Kc4 38. Ra6 Kxc3 39. Rxa7 Kd3 40. Ra3+ Ke2 41. Rb2+ Ke1 42. Rf3
Rf4 43. Rxf4 Kd1 44. Rf1# { Black checkmated } 1-0

[Event "ICC tourney 2354 (60 10)"]
[Site "Internet Chess Club"]
[Date "2021.01.31"]
[Round "4"]
[White "stawad"]
[Black "deviyer"]
[Result "0-1"]
[ICCResult "White checkmated"]
[WhiteElo "876"]
[BlackElo "1194"]
[Opening "Queen's pawn, Mason variation"]
[ECO "D00"]
[NIC "QP.08"]
[Time "10:01:34"]
[PlyCount "78"]
[TimeControl "3600+10"]

1. d4 d5 2. Bf4 Nc6 3. e3 Nf6 4. Nf3 e6 5. c3 Bd6 6. Ne5 Bxe5 7. dxe5 Nd7
8. Qg4 Rg8 9. Bh6 Ndxe5 10. Qg3 Ng6 11. Bg5 f6 12. Bf4 e5 13. Bxe5 Ngxe5
14. Be2 Bd7 15. O-O Qe7 16. Qh3 Bxh3 17. gxh3 Qf7 18. Nd2 Qg6+ 19. Kh1
O-O-O 20. Rg1 Qf7 21. Nf3 Nxf3 22. Bxf3 Qe6 23. Bg4 f5 24. Bf3 Kb8 25. Rad1
Qh6 26. Rg3 f4 27. exf4 Qxf4 28. Rd3 Ne5 29. Rd4 Qc1+ 30. Rg1 Qxg1+ 31.
Kxg1 Nxf3+ 32. Kg2 Nxd4 33. cxd4 Rgf8 34. f3 Rde8 35. Kf2 Rf4 36. Kg3 Rxd4
37. Kf2 Rd2+ 38. Kf1 Ree2 39. Kg1 Rd1# { White checkmated } 0-1

[Event "ICC tourney 2354 (60 10)"]
[Site "Internet Chess Club"]
[Date "2021.01.31"]
[Round "4"]
[White "LionsHansenW"]
[Black "CBH142"]
[Result "0-1"]
[ICCResult "White checkmated"]
[WhiteElo "860"]
[BlackElo "1413"]
[Opening "Owen defense"]
[ECO "B00"]
[NIC "VO.01"]
[Time "10:01:50"]
[PlyCount "82"]
[TimeControl "3600+10"]

1. e4 b6 2. Nf3 Bb7 3. Nc3 e6 4. d4 Nf6 5. Bc4 Bb4 6. O-O Bxc3 7. bxc3 Nxe4
8. Ba3 Nxc3 9. Qd3 Nd5 10. Bxd5 Bxd5 11. Rab1 Nc6 12. c4 Ne7 13. Ng5 Bb7
14. c5 h6 15. Nh7 Ng6 16. cxb6 axb6 17. Rfe1 Rxh7 18. Rb5 Ba6 19. Reb1 Bxb5
20. Rxb5 Rh8 21. h3 Nf4 22. Qf3 Nd5 23. Rb3 g5 24. Qh5 Qf6 25. Rf3 Nf4 26.
g3 Nxh5 27. Rxf6 Nxf6 28. Bb2 Rxa2 29. Bc3 Ne4 30. Bb4 Rxf2 31. Be1 Ra2 32.
Bb4 Ra1+ 33. Kg2 Rb1 34. Ba3 Rb3 35. Bc1 Rxg3+ 36. Kh2 Rc3 37. Bb2 Rc2+ 38.
Kg1 Rxb2 39. d5 Ke7 40. dxe6 Ra8 41. exf7 Ra1# { White checkmated } 0-1

[Event "ICC tourney 2354 (60 10)"]
[Site "Internet Chess Club"]
[Date "2021.01.31"]
[Round "4"]
[White "Fenton2011"]
[Black "RaiChess"]
[Result "0-1"]
[ICCResult "White checkmated"]
[WhiteElo "1177"]
[BlackElo "984"]
[Opening "Giuoco Piano: Greco's attack"]
[ECO "C54"]
[NIC "IG.02"]
[Time "10:02:26"]
[PlyCount "72"]
[TimeControl "3600+10"]

1. e4 e5 2. Nf3 Nc6 3. Bc4 Bc5 4. c3 Nf6 5. d4 exd4 6. cxd4 Bb4+ 7. Nc3 O-O
8. Bg5 Bxc3+ 9. bxc3 h6 10. Bh4 d6 11. O-O Qe7 12. Re1 Re8 13. e5 dxe5 14.
dxe5 Qc5 15. exf6 Rxe1+ 16. Qxe1 Qxc4 17. fxg7 Kxg7 18. Qd2 Bg4 19. Qe3
Bxf3 20. Qxf3 Qxh4 21. h3 Qf6 22. Qg4+ Qg6 23. Qf3 Re8 24. Rd1 Qe4 25. Qg3+
Qg6 26. Qf3 Re6 27. Rd7 Ne5 28. Qe2 Nxd7 29. Qc4 Ne5 30. Qxc7 Nc6 31. Qxb7
Re1+ 32. Kh2 Qd6+ 33. g3 Qd5 34. Qxc6 Qxc6 35. f3 Qxf3 36. g4 Rh1# { White
checkmated } 0-1

[Event "ICC tourney 2354 (60 10)"]
[Site "Internet Chess Club"]
[Date "2021.01.31"]
[Round "4"]
[White "Abbyliao0216"]
[Black "mricaud"]
[Result "0-1"]
[ICCResult "White checkmated"]
[WhiteElo "768"]
[BlackElo "1291"]
[Opening "Petrov's defense"]
[ECO "C42"]
[NIC "RG.03"]
[Time "10:01:30"]
[PlyCount "140"]
[TimeControl "3600+10"]

1. e4 e5 2. Nf3 Nf6 3. Nxe5 d6 4. Nf3 Nxe4 5. Bb5+ c6 6. d3 Nxf2 7. Qe2+
Qe7 8. Nd4 Qxe2+ 9. Nxe2 Nxh1 10. Bc4 d5 11. Bb3 Bc5 12. Nbc3 O-O 13. Bf4
Bg4 14. O-O-O Nf2 15. Rd2 h6 16. Na4 Be7 17. h3 Be6 18. Nd4 Nh1 19. Be5 Nd7
20. Bf4 g5 21. Be3 Ng3 22. Bf2 Nf5 23. Nf3 Bf6 24. Re2 Bg7 25. Nc3 Rae8 26.
g4 Ne7 27. Kb1 Nc8 28. Bd4 c5 29. Bxg7 Kxg7 30. Ne5 Nxe5 31. Rxe5 d4 32.
Nd5 Bxd5 33. Rxd5 b6 34. a3 Rd8 35. Rf5 Ne7 36. Rf1 Rd6 37. c3 Rf6 38. Re1
Ng8 39. cxd4 cxd4 40. Rc1 Rf3 41. Rc7 Rxd3 42. Bc4 Rxh3 43. Rxa7 d3 44. Rd7
Nf6 45. Rd6 Nxg4 46. Bxd3 Rxd3 47. Rxd3 Nf6 48. Rb3 Rb8 49. a4 h5 50. a5 h4
51. a6 Nd7 52. a7 Ra8 53. Ra3 g4 54. Kc1 g3 55. Kd1 g2 56. Kc2 g1=Q 57. Kb3
Qe3+ 58. Kb4 Qc5+ 59. Ka4 Rxa7+ 60. Kb3 Qe3+ 61. Kb4 Rxa3 62. bxa3 Nc5 63.
Kb5 Qb3+ 64. Kc6 h3 65. a4 h2 66. a5 h1=Q+ 67. Kc7 Qg3+ 68. Kc8 Qb7+ 69.
Kd8 Qgc7+ 70. Ke8 Qe7# { White checkmated } 0-1

[Event "ICC tourney 2354 (60 10)"]
[Site "Internet Chess Club"]
[Date "2021.01.31"]
[Round "4"]
[White "Evan2win"]
[Black "AlexaL"]
[Result "1-0"]
[ICCResult "Black checkmated"]
[WhiteElo "893"]
[BlackElo "723"]
[Opening "Scandinavian (center counter) defense"]
[ECO "B01"]
[NIC "VO.17"]
[Time "10:01:35"]
[PlyCount "85"]
[TimeControl "3600+10"]

1. e4 d5 2. exd5 e6 3. dxe6 Bxe6 4. Nc3 Nc6 5. Nf3 Bb4 6. Bb5 Nf6 7. d4
Bxc3+ 8. bxc3 Qe7 9. O-O Bg4 10. Re1 Be6 11. Bg5 O-O-O 12. Bxf6 Qxf6 13. a4
g5 14. Qd2 g4 15. Ng5 h6 16. Ne4 Qg6 17. Nc5 h5 18. Bd3 Qg7 19. Nxe6 fxe6
20. Rxe6 h4 21. Rg6 Qf7 22. Qg5 g3 23. f3 gxh2+ 24. Kxh2 h3 25. g3 Qxf3 26.
Qf5+ Qxf5 27. Bxf5+ Kb8 28. Re1 Rdf8 29. Rf1 Re8 30. Bxh3 Re2+ 31. Kg1 Nd8
32. Bg2 b6 33. Rc1 Rf8 34. Rf1 Rxc2 35. Rxf8 Kc8 36. Bh3+ Kb8 37. Rxd8+ Kb7
38. Bg2+ Ka6 39. Bf1+ Kb7 40. Rd7 Rc1 41. Rgg7 Kb8 42. Rxc7 Ka8 43. Rg8# {
Black checkmated } 1-0

[Event "ICC tourney 2354 (60 10)"]
[Site "Internet Chess Club"]
[Date "2021.01.31"]
[Round "4"]
[White "Harshcrocodile"]
[Black "Franklyn2009"]
[Result "0-1"]
[ICCResult "White resigns"]
[WhiteElo "928"]
[BlackElo "1720"]
[Opening "Sicilian: dragon, Yugoslav attack, 10.O-O-O"]
[ECO "B78"]
[NIC "SI.18"]
[Time "10:01:56"]
[PlyCount "42"]
[TimeControl "3600+10"]

1. e4 c5 2. Nf3 d6 3. d4 cxd4 4. Nxd4 Nf6 5. Nc3 g6 6. Be3 Bg7 7. f3 O-O 8.
Qd2 Nc6 9. Bc4 Bd7 10. O-O-O b5 11. Bxb5 Nxd4 12. Bxd4 Bxb5 13. Nxb5 Qd7
14. Nc3 Rfb8 15. Ne2 Qb5 16. b3 a5 17. a4 Qc6 18. Kb2 Qxa4 19. Ra1 Qb5 20.
Ra4 Qxa4 21. Nc3 Qb4 { White resigns } 0-1

[Event "ICC tourney 2354 (60 10)"]
[Site "Internet Chess Club"]
[Date "2021.01.31"]
[Round "4"]
[White "SeannDSpeyer"]
[Black "batmanthechamp"]
[Result "0-1"]
[ICCResult "White checkmated"]
[WhiteElo "1299"]
[BlackElo "1434"]
[Opening "Queen's pawn"]
[ECO "A40"]
[NIC "QO.17"]
[Time "10:01:40"]
[PlyCount "100"]
[TimeControl "3600+10"]

1. d4 e6 2. Nf3 f5 3. g3 Nf6 4. Bg2 d5 5. c4 c6 6. O-O Bd6 7. Nc3 O-O 8.
cxd5 exd5 9. Qc2 Ne4 10. Nd2 Qf6 11. Ncxe4 fxe4 12. f3 Qxd4+ 13. Kh1 e3 14.
Nb3 Qb6 15. Qd3 Re8 16. Qd4 Qxd4 17. Nxd4 Bc5 18. Nb3 Na6 19. Nxc5 Nxc5 20.
b3 d4 21. Bb2 d3 22. exd3 Nxd3 23. Bc3 e2 24. Rfb1 Bf5 25. Kg1 Rad8 26. g4
Bg6 27. h4 Nb2 28. Rc1 Rd1+ 29. Kf2 Nd3+ 30. Kg3 Rxc1 31. Rxc1 Nxc1 32. Be1
Nd3 33. Bd2 e1=Q+ 34. Bxe1 Rxe1 35. f4 Re3+ 36. Kh2 Be4 37. Bxe4 Rxe4 38.
Kg3 Rxf4 39. g5 Kf7 40. h5 c5 41. g6+ hxg6 42. hxg6+ Kxg6 43. b4 c4 44. b5
c3 45. b6 axb6 46. a4 c2 47. a5 c1=Q 48. a6 Qe3+ 49. Kg2 Rf2+ 50. Kh1 Qe1#
{ White checkmated } 0-1

[Event "ICC tourney 2354 (60 10)"]
[Site "Internet Chess Club"]
[Date "2021.01.31"]
[Round "4"]
[White "brarsaab1"]
[Black "therealkingkong"]
[Result "0-1"]
[ICCResult "White checkmated"]
[WhiteElo "1250"]
[BlackElo "1570"]
[Opening "French defense"]
[ECO "C01"]
[NIC "FR.01"]
[Time "10:01:39"]
[PlyCount "86"]
[TimeControl "3600+10"]

1. e4 e6 2. d4 b6 3. Nc3 Bb7 4. Bf4 Bb4 5. Qd2 Bxe4 6. a3 Bxc3 7. Qxc3 d6
8. Ba6 Nxa6 9. f3 Bb7 10. O-O-O Nf6 11. Bg5 h6 12. Bh4 Nd5 13. Qe1 Qd7 14.
c4 Ne7 15. Qc3 d5 16. Re1 Nf5 17. Bg3 O-O-O 18. cxd5 Qxd5 19. Be5 Qc6 20.
Qxc6 Bxc6 21. Ne2 f6 22. Bf4 Nxd4 23. Nxd4 Rxd4 24. Rxe6 Bd5 25. Re7 Rxf4
26. Rxg7 Rf5 27. Rd1 Bc6 28. Kb1 Rg5 29. Rf7 Rd8 30. Rxd8+ Kxd8 31. Rxf6
Kd7 32. Rxh6 Rxg2 33. h4 Bxf3 34. Rh7+ Kc6 35. Rh6+ Kb7 36. h5 Rh2 37. Rf6
Bxh5 38. Rh6 Rh1+ 39. Ka2 Bf7+ 40. b3 Rxh6 41. a4 Rh2+ 42. Ka3 c6 43. b4
Ra2# { White checkmated } 0-1